BUFFALO Sabres vs DETROIT Red Wings

Created - 4 avril 2019 at 15:56

Goals
1 2 3 T
BUFFALO Sabres 1 1 0 2
DETROIT Red Wings 1 0 2 3
Shots
1 2 3 T
BUFFALO Sabres 16 10 10 36
DETROIT Red Wings 8 12 5 25

1st period

1. DETROIT Red Wings , Ryan O'Reilly 27 (Jordie Benn 12) at 5:50
2. BUFFALO Sabres , Mike Green 7 (Tyler Johnson 23, Nazem Kadri 12) at 8:52

Penalties :
Jeff Petry (DET) for Roughing (Minor) at 0:51, T.J. Oshie (DET) for Hooking (Minor) at 11:44, Evander Kane (DET) for Hooking (Minor) at 15:32, Zdeno Chara (DET) for Hooking (Minor) at 17:59

2nd period

3. BUFFALO Sabres , Nazem Kadri 13 (Elias Lindholm 11, Brett Pesce 14) at 3:00

Penalties :
Shayne Gostisbehere (DET) for Slashing (Minor) at 7:22, T.J. Oshie (DET) for Roughing (Minor) at 14:39

3rd period

4. DETROIT Red Wings , T.J. Oshie 36 (Evgeny Kuznetsov 50, Erik Karlsson 58) at 3:21 (PP)
5. DETROIT Red Wings , Derek MacKenzie 4 (Micheal Ferland 11, Jeff Petry 27) at 14:03

Penalties :
Ryan Ellis (BUF) for Tripping (Minor) at 2:38

Goalie Stats

Braden Holtby (BUF), 22 saves from 25 shots - (0,880), L, 52-20-7, 60:00 minutes
Carey Price (DET), 34 saves from 36 shots - (0,944), W, 48-19-6, 60:00 minutes

Players Stats for BUFFALO Sabres

Player Name              G  A  P  +/- PIM S  H  SB GA TA FO     MP     PP MP  PK MP  
------------------------------------------------------------------------------------
Artemi Panarin           0  0  0   0  0   5  2  1  0  0  1/3    24:40   6:28   0:00 
Brayden Point            0  0  0   0  0   4  6  0  0  0  0/1    24:40   6:28   0:00 
Brent Burns              0  0  0   0  0   1  4  0  0  0  0/0    25:23   6:34   0:43 
Brett Pesce              0  1  1   2  0   2  3  1  0  0  0/0    13:51   0:00   0:40 
Elias Lindholm           0  1  1   2  0   2  1  0  0  0  0/1     9:05   0:00   0:00 
Henrik Zetterberg        0  0  0  -2  0   1  2  1  0  0  12/25  20:31   5:26   0:00 
Jaden Schwartz           0  0  0  -2  0   6  1  0  0  0  1/2    20:31   5:26   0:00 
Jesper Bratt             0  0  0   0  0   0  1  0  0  0  0/1     5:01   0:00   0:00 
John Klingberg           0  0  0  -2  0   2  0  0  0  0  0/0    22:43   6:34   0:03 
Jordan Eberle            0  0  0  -2  0   0  3  0  0  0  1/1    20:31   5:26   0:00 
Luke Glendening          0  0  0   0  0   0  1  0  0  0  6/9     5:44   0:00   0:43 
Mike Green               1  0  1   2  0   1  0  0  0  0  0/0    13:11   0:00   0:00 
Nathan MacKinnon         0  0  0   0  0   5  0  1  0  0  18/38  24:40   6:28   0:00 
Nazem Kadri              1  1  2   2  0   3  2  0  0  0  7/11    9:05   0:00   0:00 
Ryan Ellis               0  0  0   0  2   3  0  1  0  0  0/0    23:47   5:20   0:00 
Tyler Johnson            0  1  1   2  0   0  0  0  0  0  0/0     9:48   0:00   0:43 
Tyson Barrie             0  0  0  -2  0   1  0  0  0  0  0/0    21:04   5:20   0:00 
Vladimir Sobotka         0  0  0   0  0   0  0  0  0  0  0/0     5:01   0:00   0:00 

Players Stats for DETROIT Red Wings

Player Name              G  A  P  +/- PIM S  H  SB GA TA FO     MP     PP MP  PK MP  
------------------------------------------------------------------------------------
Bryan Rust               0  0  0  -1  0   2  2  0  0  0  0/0    12:33   0:00   0:00 
Cam Fowler               0  0  0   0  0   0  0  2  0  0  0/0    21:34   0:00   5:58 
Derek MacKenzie          1  0  1   1  0   1  0  0  0  0  4/10    8:58   0:00   4:28 
Erik Karlsson            0  1  1   0  0   0  3  3  0  0  0/0    23:01   0:43   2:04 
Evander Kane             0  0  0   1  2   3  1  0  0  0  1/1    13:28   0:00   0:00 
Evgeny Kuznetsov         0  1  1  -1  0   5  1  0  0  0  1/2    17:58   0:43   0:58 
Jeff Petry               0  1  1   0  2   2  6  1  0  0  0/0    20:59   0:00   5:24 
Jordie Benn              0  1  1   0  0   1  1  1  0  0  0/0    17:17   0:00   5:44 
Lars Eller               0  0  0  -1  0   1  2  1  0  0  13/21  17:58   0:00   4:51 
Micheal Ferland          0  1  1   1  0   0  0  0  0  0  0/0     4:30   0:00   0:00 
Pierre-Edouard Bellemare 0  0  0   1  0   0  0  0  0  0  0/0     4:30   0:00   0:00 
Rick Nash                0  0  0   1  0   1  2  0  0  0  0/1    13:29   0:00   0:00 
Ryan O'Reilly            1  0  1   1  0   2  1  0  0  0  13/31  21:29   0:00   7:26 
Shayne Gostisbehere      0  0  0   0  2   0  0  1  0  0  0/0    12:27   0:43   0:12 
Sidney Crosby            0  0  0  -1  0   4  0  0  0  0  11/23  17:00   0:43   0:00 
T.J. Oshie               1  0  1  -1  4   2  0  0  0  0  0/0    16:58   0:43   0:00 
Zach Hyman               0  0  0  -1  0   1  1  1  0  0  3/3    19:12   0:00   6:05 
Zdeno Chara              0  0  0   0  2   0  6  3  0  0  0/0    24:39   0:00   4:26 

3 Stars

1 - Nazem Kadri (BUF)
2 - Carey Price (DET)
3 - Ryan O'Reilly (DET)

Power Play

BUFFALO Sabres - 0 on 6 Attempt(s) - 0,00%
DETROIT Red Wings - 1 on 1 Attempt(s) - 100,00%

Penalty Kill

BUFFALO Sabres - 0 on 1 Attempt(s) - 0,00% - Score 0 goal in Penalty Kill
DETROIT Red Wings - 6 on 6 Attempt(s) - 100,00% - Score 0 goal in Penalty Kill

Team Stat

BUFFALO Sabres - Hits : 26 - Faceoff Wins : 46 - Blocked Shots : 5 - Penalty Minutes : 2
DETROIT Red Wings - Hits : 26 - Faceoff Wins : 46 - Blocked Shots : 13 - Penalty Minutes : 12

Official

Referees : Unknown
Linesman : Unknown

Game Notes

No Game Note

Finance

Level 1 -- Attendance: 5759 (95,98%) -- Ticket Income 570 141 $
Level 2 -- Attendance: 4843 (96,86%) -- Ticket Income 285 737 $
Level 3 -- Attendance: 2000 (100,00%) -- Ticket Income 74 000 $
Level 4 -- Attendance: 4000 (100,00%) -- Ticket Income 60 000 $
Luxury Box -- Attendance: 796 (79,60%) -- Ticket Income 165 568 $
Game was played at the Joe Louis Arena.
Total Attendance: 17398 (96,66%)
Total Ticket Income: 1 155 446 $
Other Income: 450 624 $
Total Income: 1 606 070 $

BUFFALO Sabres

5 vs 5 Forward 
   Center                   Left Wing                Right Wing               Time % Phy DF OF 
 1 Nathan MacKinnon         Artemi Panarin           Brayden Point            40     1   2  2  
 2 Henrik Zetterberg        Jaden Schwartz           Jordan Eberle            30     1   2  2  
 3 Nazem Kadri              Tyler Johnson            Elias Lindholm           20     1   2  2  
 4 Luke Glendening          Jesper Bratt             Vladimir Sobotka         10     1   2  2  

5 vs 5 Defense 
   Defense                  Defense                                           Time % Phy DF OF 
 1 Brent Burns              Ryan Ellis                                        40     1   2  2  
 2 John Klingberg           Tyson Barrie                                      30     1   2  2  
 3 Mike Green               Brett Pesce                                       20     1   2  2  
 4 Ryan Ellis               John Klingberg                                    10     1   2  2  

PowerPlay Forward 
   Center                   Left Wing                Right Wing               Time % Phy DF OF 
 1 Nathan MacKinnon         Artemi Panarin           Brayden Point            60     1   2  2  
 2 Henrik Zetterberg        Jaden Schwartz           Jordan Eberle            40     1   2  2  

PowerPlay Defense
   Defense                  Defense                                           Time % Phy DF OF 
 1 Brent Burns              John Klingberg                                    60     1   2  2  
 2 Ryan Ellis               Tyson Barrie                                      40     1   2  2  

Penalty Kill 4 Players Forward 
   Center                   Wing                     Time % Phy DF OF 
 1 Luke Glendening          Tyler Johnson            60     1   2  2  
 2 Brayden Point            Nathan MacKinnon         40     1   2  2  

Penalty Kill 4 Players Defense
   Defense                  Defense                  Time % Phy DF OF 
 1 Brent Burns              Ryan Ellis               60     1   2  2  
 2 John Klingberg           Brett Pesce              40     1   2  2  

Penalty Kill - 3 Players Forward 
   Forward                                           Time % Phy DF OF 
 1 Luke Glendening                                   60     1   2  2  
 2 Tyler Johnson                                     40     1   2  2  

Penalty Kill - 3 Players Defense
   Defense                  Defense                  Time % Phy DF OF 
 1 Brett Pesce              Ryan Ellis               60     1   2  2  
 2 John Klingberg           Mike Green               40     1   2  2  

4 vs 4 Forward 
   Center                   Wing                     Time % Phy DF OF 
 1 Nathan MacKinnon         Artemi Panarin           60     1   2  2  
 2 Brayden Point            Jordan Eberle            40     1   2  2  

4 vs 4 Defense
   Defense                  Defense                  Time % Phy DF OF 
 1 Brent Burns              John Klingberg           60     1   2  2  
 2 Ryan Ellis               Tyson Barrie             40     1   2  2  

Last Minutes Offensive
   Center                   Left Wing                Right Wing               Defense                  Defense                  
   Nathan MacKinnon         Artemi Panarin           Jaden Schwartz           Brent Burns              Tyson Barrie             

Last Minutes Defensive
   Center                   Left Wing                Right Wing               Defense                  Defense                  
   Brayden Point            Tyler Johnson            Jaden Schwartz           Ryan Ellis               Brett Pesce              

Goaltenders
Starting : Braden Holtby            
Backup : Alexandar Georgiev       

Extra Forwards
Normal : Nathan MacKinnon, Artemi Panarin, Brayden Point - PP : Nathan MacKinnon, Artemi Panarin - PK : Tyler Johnson
Extra Defensemen
Normal : Brent Burns, Tyson Barrie, John Klingberg - PP : Brent Burns - PK : Brett Pesce, John Klingberg
Penalty Shots
Nathan MacKinnon, Artemi Panarin, Jaden Schwartz, Henrik Zetterberg, Brayden Point

DETROIT Red Wings

5 vs 5 Forward 
   Center                   Left Wing                Right Wing               Time % Phy DF OF 
 1 Sidney Crosby            Evgeny Kuznetsov         T.J. Oshie               35     1   1  3  
 2 Ryan O'Reilly            Evander Kane             Rick Nash                30     1   1  3  
 3 Lars Eller               Bryan Rust               Zach Hyman               25     1   2  2  
 4 Derek MacKenzie          Pierre-Edouard Bellemare Micheal Ferland          10     1   2  2  

5 vs 5 Defense 
   Defense                  Defense                                           Time % Phy DF OF 
 1 Erik Karlsson            Zdeno Chara                                       35     1   1  3  
 2 Jeff Petry               Cam Fowler                                        30     1   1  3  
 3 Jordie Benn              Shayne Gostisbehere                               25     1   2  2  
 4 Erik Karlsson            Zdeno Chara                                       10     1   2  2  

PowerPlay Forward 
   Center                   Left Wing                Right Wing               Time % Phy DF OF 
 1 Sidney Crosby            Evgeny Kuznetsov         T.J. Oshie               60     0   1  4  
 2 Ryan O'Reilly            Evander Kane             Rick Nash                40     0   1  4  

PowerPlay Defense
   Defense                  Defense                                           Time % Phy DF OF 
 1 Erik Karlsson            Shayne Gostisbehere                               60     0   1  4  
 2 Jeff Petry               Cam Fowler                                        40     0   1  4  

Penalty Kill 4 Players Forward 
   Center                   Wing                     Time % Phy DF OF 
 1 Ryan O'Reilly            Zach Hyman               60     1   3  1  
 2 Derek MacKenzie          Lars Eller               40     1   3  1  

Penalty Kill 4 Players Defense
   Defense                  Defense                  Time % Phy DF OF 
 1 Zdeno Chara              Jordie Benn              60     1   3  1  
 2 Jeff Petry               Cam Fowler               40     1   3  1  

Penalty Kill - 3 Players Forward 
   Forward                                           Time % Phy DF OF 
 1 Ryan O'Reilly                                     60     1   4  0  
 2 Lars Eller                                        40     1   4  0  

Penalty Kill - 3 Players Defense
   Defense                  Defense                  Time % Phy DF OF 
 1 Zdeno Chara              Jordie Benn              60     1   4  0  
 2 Jeff Petry               Cam Fowler               40     1   4  0  

4 vs 4 Forward 
   Center                   Wing                     Time % Phy DF OF 
 1 Sidney Crosby            Evgeny Kuznetsov         60     1   1  3  
 2 Ryan O'Reilly            Evander Kane             40     1   1  3  

4 vs 4 Defense
   Defense                  Defense                  Time % Phy DF OF 
 1 Erik Karlsson            Zdeno Chara              60     1   2  2  
 2 Jeff Petry               Cam Fowler               40     1   2  2  

Last Minutes Offensive
   Center                   Left Wing                Right Wing               Defense                  Defense                  
   Sidney Crosby            Evgeny Kuznetsov         T.J. Oshie               Erik Karlsson            Cam Fowler               

Last Minutes Defensive
   Center                   Left Wing                Right Wing               Defense                  Defense                  
   Ryan O'Reilly            Lars Eller               Zach Hyman               Erik Karlsson            Cam Fowler               

Goaltenders
Starting : Carey Price              
Backup : Aaron Dell               

Extra Forwards
Normal : Micheal Ferland, Zach Hyman, Lars Eller - PP : Bryan Rust, Zach Hyman - PK : Lars Eller
Extra Defensemen
Normal : Jeff Petry, Shayne Gostisbehere, Erik Karlsson - PP : Shayne Gostisbehere - PK : Jeff Petry, Erik Karlsson
Penalty Shots
Sidney Crosby, Lars Eller, T.J. Oshie, Evander Kane, Evgeny Kuznetsov


% Time on Ice - BUFFALO Sabres

Lines # - Real PCT - Wanted PCT - Time Play
Normal Forward
1 - 38% - 40% - 18:12
2 - 32% - 30% - 15:05
3 - 19% - 20% - 9:05
4 - 11% - 10% - 5:01
Normal Defense
1 - 38% - 40% - 18:06
2 - 33% - 30% - 15:44
3 - 28% - 20% - 13:11
4 - 1% - 10% - 0:22
PP Forward
1 - 54% - 60% - 6:28
2 - 46% - 40% - 5:26
PP Defense
1 - 55% - 60% - 6:34
2 - 45% - 40% - 5:20
PK Forward
1 - 100% - 60% - 0:43
2 - 0% - 40% - 0:00
PK Defense
1 - 100% - 60% - 0:43
2 - 0% - 40% - 0:00
PK3 Forward
1 - 0% - 60%
2 - 0% - 40%
PK3 Defense
1 - 0% - 60%
2 - 0% - 40%
44 Forward
1 - 0% - 60%
2 - 0% - 40%
44 Defense
1 - 0% - 60%
2 - 0% - 40%
Last Minute Offensive  - 0:00
Last Minute Defensive  - 0:00
Total
Forward - 60:00
Defense - 60:00

% Time on Ice - DETROIT Red Wings

Lines # - Real PCT - Wanted PCT - Time Play
Normal Forward
1 - 35% - 35% - 16:17
2 - 29% - 30% - 13:29
3 - 27% - 25% - 12:33
4 - 10% - 10% - 4:30
Normal Defense
1 - 37% - 35% - 17:10
2 - 32% - 30% - 15:02
3 - 25% - 25% - 11:33
4 - 7% - 10% - 3:04
PP Forward
1 - 100% - 60% - 0:43
2 - 0% - 40% - 0:00
PP Defense
1 - 100% - 60% - 0:43
2 - 0% - 40% - 0:00
PK Forward
1 - 62% - 60% - 7:26
2 - 38% - 40% - 4:28
PK Defense
1 - 50% - 60% - 5:56
2 - 50% - 40% - 5:58
PK3 Forward
1 - 0% - 60%
2 - 0% - 40%
PK3 Defense
1 - 0% - 60%
2 - 0% - 40%
44 Forward
1 - 0% - 60%
2 - 0% - 40%
44 Defense
1 - 0% - 60%
2 - 0% - 40%
Last Minute Offensive  - 0:00
Last Minute Defensive  - 0:34
Total
Forward - 60:00
Defense - 60:00

Play-by-Play

1st period


0:01 of 1st period - Sidney Crosby wins face-off versus Nathan MacKinnon in neutral zone.
0:22 of 1st period - Shot by T.J. Oshie.
0:22 of 1st period - Stopped by Braden Holtby with a rebound.
0:24 of 1st period - Shot by Zdeno Chara.
0:24 of 1st period - Shot Blocked by Nathan MacKinnon.
0:35 of 1st period - Icing by Brent Burns.
0:36 of 1st period - Ryan O'Reilly wins face-off versus Nathan MacKinnon in BUFFALO Sabres zone.
0:41 of 1st period - Shot by Evander Kane.
0:41 of 1st period - Stopped by Braden Holtby without a rebound.
0:42 of 1st period - Henrik Zetterberg wins face-off versus Lars Eller in BUFFALO Sabres zone.
0:42 of 1st period - Henrik Zetterberg is hit by Zach Hyman.
0:50 of 1st period - Shot by John Klingberg.
0:50 of 1st period - Stopped by Carey Price without a rebound.
0:51 of 1st period - Nazem Kadri wins face-off versus Ryan O'Reilly in DETROIT Red Wings zone.
0:51 of 1st period - Minor Penalty to Jeff Petry for Roughing.
0:52 of 1st period - Ryan O'Reilly wins face-off versus Nathan MacKinnon in DETROIT Red Wings zone.
1:01 of 1st period - Off-side.
1:02 of 1st period - Ryan O'Reilly wins face-off versus Nathan MacKinnon in neutral zone.
1:06 of 1st period - Icing by John Klingberg.
1:07 of 1st period - Nathan MacKinnon wins face-off versus Derek MacKenzie in BUFFALO Sabres zone.
1:54 of 1st period - Shot by Brayden Point.
1:54 of 1st period - Shot Misses the Net.
2:11 of 1st period - Shot by Tyson Barrie.
2:11 of 1st period - Stopped by Carey Price with a rebound.
2:13 of 1st period - Shot by Henrik Zetterberg.
2:13 of 1st period - Stopped by Carey Price with a rebound.
2:15 of 1st period - Shot by Jordan Eberle.
2:15 of 1st period - Shot Misses the Net.
3:02 of 1st period - Shot by Rick Nash.
3:02 of 1st period - Shot Misses the Net.
3:04 of 1st period - Shot by Ryan O'Reilly.
3:04 of 1st period - Shot Misses the Net.
3:12 of 1st period - Shot by Evander Kane.
3:12 of 1st period - Shot Misses the Net.
3:14 of 1st period - Shot by Jordie Benn.
3:14 of 1st period - Stopped by Braden Holtby without a rebound.
3:15 of 1st period - Sidney Crosby wins face-off versus Luke Glendening in BUFFALO Sabres zone.
3:19 of 1st period - Icing by Vladimir Sobotka.
3:20 of 1st period - Sidney Crosby wins face-off versus Luke Glendening in BUFFALO Sabres zone.
3:37 of 1st period - Shot by Jesper Bratt.
3:37 of 1st period - Shot Misses the Net.
3:43 of 1st period - Shot by Luke Glendening.
3:43 of 1st period - Shot Misses the Net.
4:01 of 1st period - Icing by Zdeno Chara.
4:02 of 1st period - Sidney Crosby wins face-off versus Henrik Zetterberg in DETROIT Red Wings zone.
4:09 of 1st period - Shot by Evgeny Kuznetsov.
4:09 of 1st period - Stopped by Braden Holtby without a rebound.
4:10 of 1st period - Zach Hyman wins face-off versus Nathan MacKinnon in BUFFALO Sabres zone.
4:23 of 1st period - Shot by Brayden Point.
4:23 of 1st period - Shot Misses the Net.
4:30 of 1st period - Off-side.
4:31 of 1st period - Henrik Zetterberg wins face-off versus Ryan O'Reilly in neutral zone.
4:31 of 1st period - Jordan Eberle is hit by Rick Nash and loses puck.
4:41 of 1st period - Off-side.
4:42 of 1st period - Nathan MacKinnon wins face-off versus Lars Eller in neutral zone.
5:50 of 1st period - Shot by Ryan O'Reilly.
5:50 of 1st period - Goal by Ryan O'Reilly - BUFFALO Sabres : 0 - DETROIT Red Wings : 1.
5:51 of 1st period - Nazem Kadri wins face-off versus Ryan O'Reilly in neutral zone.
5:51 of 1st period - Nazem Kadri is hit by Evander Kane.
6:11 of 1st period - Tyler Johnson is hit by Erik Karlsson and loses puck.
6:20 of 1st period - Shot by Nazem Kadri.
6:20 of 1st period - Stopped by Carey Price without a rebound.
6:21 of 1st period - Jordan Eberle wins face-off versus Sidney Crosby in DETROIT Red Wings zone.
6:50 of 1st period - Shot by Evgeny Kuznetsov.
6:50 of 1st period - Stopped by Braden Holtby without a rebound.
6:51 of 1st period - Nathan MacKinnon wins face-off versus Ryan O'Reilly in BUFFALO Sabres zone.
6:51 of 1st period - Nathan MacKinnon is hit by Ryan O'Reilly.
6:54 of 1st period - Icing by Artemi Panarin.
6:55 of 1st period - Nathan MacKinnon wins face-off versus Ryan O'Reilly in BUFFALO Sabres zone.
7:17 of 1st period - Artemi Panarin is hit by Zdeno Chara and loses puck.
8:21 of 1st period - Icing by Henrik Zetterberg.
8:22 of 1st period - Henrik Zetterberg wins face-off versus Sidney Crosby in BUFFALO Sabres zone.
8:36 of 1st period - Off-side.
8:37 of 1st period - Nazem Kadri wins face-off versus Lars Eller in neutral zone.
8:46 of 1st period - Shot by Nazem Kadri.
8:46 of 1st period - Shot Misses the Net.
8:48 of 1st period - Shot by Tyler Johnson.
8:48 of 1st period - Shot Misses the Net.
8:50 of 1st period - Shot by Mike Green.
8:50 of 1st period - Shot Misses the Net.
8:52 of 1st period - Shot by Mike Green.
8:52 of 1st period - Goal by Mike Green - BUFFALO Sabres : 1 - DETROIT Red Wings : 1.
8:53 of 1st period - Sidney Crosby wins face-off versus Jesper Bratt in neutral zone.
9:06 of 1st period - Shot by Sidney Crosby.
9:06 of 1st period - Stopped by Braden Holtby without a rebound.
9:07 of 1st period - Lars Eller wins face-off versus Henrik Zetterberg in BUFFALO Sabres zone.
9:15 of 1st period - Icing by Brett Pesce.
9:16 of 1st period - Henrik Zetterberg wins face-off versus Sidney Crosby in BUFFALO Sabres zone.
9:41 of 1st period - Shot by Sidney Crosby.
9:41 of 1st period - Stopped by Braden Holtby without a rebound.
9:42 of 1st period - Nathan MacKinnon wins face-off versus Ryan O'Reilly in BUFFALO Sabres zone.
9:42 of 1st period - Nathan MacKinnon is hit by Rick Nash.
9:52 of 1st period - Jordie Benn is hit by Artemi Panarin and loses puck.
10:22 of 1st period - Ryan O'Reilly is hit by Brent Burns and loses puck.
10:51 of 1st period - Shot by Sidney Crosby.
10:51 of 1st period - Deflect By Evgeny Kuznetsov.
10:51 of 1st period - Shot Misses the Net.
10:56 of 1st period - John Klingberg is hit by Zdeno Chara and loses puck.
11:20 of 1st period - Shot by Elias Lindholm.
11:20 of 1st period - Shot Blocked by Zdeno Chara.
11:32 of 1st period - Sidney Crosby is hit by Nazem Kadri.
11:33 of 1st period - Icing by Sidney Crosby.
11:34 of 1st period - Sidney Crosby wins face-off versus Jaden Schwartz in DETROIT Red Wings zone.
11:34 of 1st period - Sidney Crosby is hit by Henrik Zetterberg.
11:44 of 1st period - Minor Penalty to T.J. Oshie for Hooking.
11:45 of 1st period - Jaden Schwartz wins face-off versus Ryan O'Reilly in DETROIT Red Wings zone.
12:22 of 1st period - Ryan O'Reilly is hit by Henrik Zetterberg and loses puck.
12:41 of 1st period - Shot by Brayden Point.
12:41 of 1st period - Stopped by Carey Price without a rebound.
12:42 of 1st period - Nathan MacKinnon wins face-off versus Ryan O'Reilly in DETROIT Red Wings zone.
13:01 of 1st period - Shot by Ryan Ellis.
13:01 of 1st period - Shot Misses the Net.
13:03 of 1st period - Shot by Ryan Ellis.
13:03 of 1st period - Deflect By Nathan MacKinnon.
13:03 of 1st period - Stopped by Carey Price without a rebound.
13:04 of 1st period - Ryan O'Reilly wins face-off versus Henrik Zetterberg in DETROIT Red Wings zone.
13:04 of 1st period - Ryan O'Reilly is hit by Jordan Eberle.
13:11 of 1st period - Icing by Jaden Schwartz.
13:12 of 1st period - Henrik Zetterberg wins face-off versus Ryan O'Reilly in BUFFALO Sabres zone.
14:19 of 1st period - Shot by Brayden Point.
14:19 of 1st period - Stopped by Carey Price without a rebound.
14:20 of 1st period - Derek MacKenzie wins face-off versus Nazem Kadri in DETROIT Red Wings zone.
14:24 of 1st period - Icing by Jeff Petry.
14:25 of 1st period - Derek MacKenzie wins face-off versus Elias Lindholm in DETROIT Red Wings zone.
14:39 of 1st period - Shot by Ryan Ellis.
14:39 of 1st period - Stopped by Carey Price without a rebound.
14:40 of 1st period - Lars Eller wins face-off versus Henrik Zetterberg in DETROIT Red Wings zone.
14:47 of 1st period - Jaden Schwartz is hit by Lars Eller and loses puck.
15:08 of 1st period - John Klingberg is hit by Zdeno Chara.
15:14 of 1st period - Shot by Jaden Schwartz.
15:14 of 1st period - Shot Misses the Net.
15:20 of 1st period - Jaden Schwartz is hit by Lars Eller and loses puck.
15:32 of 1st period - Minor Penalty to Evander Kane for Hooking.
15:33 of 1st period - Ryan O'Reilly wins face-off versus Nathan MacKinnon in DETROIT Red Wings zone.
15:33 of 1st period - Ryan O'Reilly is hit by Brayden Point.
15:46 of 1st period - Icing by Brent Burns.
15:47 of 1st period - Ryan O'Reilly wins face-off versus Nathan MacKinnon in BUFFALO Sabres zone.
16:17 of 1st period - Shot by Artemi Panarin.
16:17 of 1st period - Stopped by Carey Price without a rebound.
16:18 of 1st period - Ryan O'Reilly wins face-off versus Henrik Zetterberg in DETROIT Red Wings zone.
16:35 of 1st period - Shot by Ryan Ellis.
16:35 of 1st period - Shot Misses the Net.
16:37 of 1st period - Shot by Jordan Eberle.
16:37 of 1st period - Deflect By Jaden Schwartz.
16:37 of 1st period - Stopped by Carey Price without a rebound.
16:38 of 1st period - Derek MacKenzie wins face-off versus Nathan MacKinnon in DETROIT Red Wings zone.
16:38 of 1st period - Derek MacKenzie is hit by Brayden Point.
16:58 of 1st period - Shot by Brayden Point.
16:58 of 1st period - Shot Misses the Net.
17:00 of 1st period - Shot by Ryan Ellis.
17:00 of 1st period - Shot Blocked by Cam Fowler.
17:59 of 1st period - Shot by Elias Lindholm.
17:59 of 1st period - Stopped by Carey Price without a rebound.
17:59 of 1st period - Minor Penalty to Zdeno Chara for Hooking.
18:00 of 1st period - Derek MacKenzie wins face-off versus Henrik Zetterberg in DETROIT Red Wings zone.
18:09 of 1st period - Shot by Jaden Schwartz.
18:09 of 1st period - Deflect By Jordan Eberle.
18:09 of 1st period - Shot Blocked by Lars Eller.
18:33 of 1st period - Shot by John Klingberg.
18:33 of 1st period - Stopped by Carey Price with a rebound.
18:35 of 1st period - Shot by Jordan Eberle.
18:35 of 1st period - Shot Misses the Net.
18:37 of 1st period - Shot by Brent Burns.
18:37 of 1st period - Stopped by Carey Price with a rebound.
18:39 of 1st period - Shot by Jaden Schwartz.
18:39 of 1st period - Stopped by Carey Price with a rebound.
19:29 of 1st period - Shot by Nathan MacKinnon.
19:29 of 1st period - Stopped by Carey Price without a rebound.
19:30 of 1st period - Nathan MacKinnon wins face-off versus Ryan O'Reilly in DETROIT Red Wings zone.
19:41 of 1st period - Shot by Nathan MacKinnon.
19:41 of 1st period - Shot Blocked by Erik Karlsson.
19:43 of 1st period - Shot by Artemi Panarin.
19:43 of 1st period - Shot Misses the Net.
Goals for this period are 1 for BUFFALO Sabres vs 1 for DETROIT Red Wings.
Shots for this period are 16 for BUFFALO Sabres vs 8 for DETROIT Red Wings.

2nd period


0:01 of 2nd period - Artemi Panarin wins face-off versus Ryan O'Reilly in neutral zone.
0:12 of 2nd period - Shot by Ryan O'Reilly.
0:12 of 2nd period - Shot Misses the Net.
0:35 of 2nd period - Ryan O'Reilly is hit by Brent Burns.
0:37 of 2nd period - Shot by Evander Kane.
0:37 of 2nd period - Shot Blocked by Artemi Panarin.
0:39 of 2nd period - Shot by Cam Fowler.
0:39 of 2nd period - Shot Misses the Net.
0:41 of 2nd period - Shot by Jeff Petry.
0:41 of 2nd period - Stopped by Braden Holtby without a rebound.
0:42 of 2nd period - Lars Eller wins face-off versus Henrik Zetterberg in BUFFALO Sabres zone.
0:51 of 2nd period - Shot by Zach Hyman.
0:51 of 2nd period - Stopped by Braden Holtby without a rebound.
0:52 of 2nd period - Sidney Crosby wins face-off versus Henrik Zetterberg in BUFFALO Sabres zone.
1:01 of 2nd period - Shot by Sidney Crosby.
1:01 of 2nd period - Stopped by Braden Holtby without a rebound.
1:02 of 2nd period - Lars Eller wins face-off versus Nazem Kadri in BUFFALO Sabres zone.
1:13 of 2nd period - Shot by Nazem Kadri.
1:13 of 2nd period - Stopped by Carey Price without a rebound.
1:14 of 2nd period - Evander Kane wins face-off versus Artemi Panarin in DETROIT Red Wings zone.
1:38 of 2nd period - Shot by Artemi Panarin.
1:38 of 2nd period - Shot Blocked by Zdeno Chara.
2:22 of 2nd period - Shot by Bryan Rust.
2:22 of 2nd period - Stopped by Braden Holtby without a rebound.
2:23 of 2nd period - Henrik Zetterberg wins face-off versus Sidney Crosby in BUFFALO Sabres zone.
2:33 of 2nd period - Shot by Jaden Schwartz.
2:33 of 2nd period - Shot Misses the Net.
2:35 of 2nd period - Shot by Brent Burns.
2:35 of 2nd period - Shot Misses the Net.
2:44 of 2nd period - Icing by Jordie Benn.
2:45 of 2nd period - Sidney Crosby wins face-off versus Nazem Kadri in DETROIT Red Wings zone.
2:56 of 2nd period - Shot by Elias Lindholm.
2:56 of 2nd period - Shot Misses the Net.
3:00 of 2nd period - Shot by Nazem Kadri.
3:00 of 2nd period - Goal by Nazem Kadri - BUFFALO Sabres : 2 - DETROIT Red Wings : 1.
3:01 of 2nd period - Lars Eller wins face-off versus Henrik Zetterberg in neutral zone.
3:32 of 2nd period - Shot by Jordan Eberle.
3:32 of 2nd period - Shot Misses the Net.
3:34 of 2nd period - Shot by Jaden Schwartz.
3:34 of 2nd period - Deflect By Jordan Eberle.
3:34 of 2nd period - Shot Misses the Net.
3:36 of 2nd period - Shot by Jordan Eberle.
3:36 of 2nd period - Shot Misses the Net.
3:38 of 2nd period - Shot by Jaden Schwartz.
3:38 of 2nd period - Stopped by Carey Price without a rebound.
3:39 of 2nd period - Nathan MacKinnon wins face-off versus Ryan O'Reilly in DETROIT Red Wings zone.
3:40 of 2nd period - Shot by Artemi Panarin.
3:40 of 2nd period - Stopped by Carey Price without a rebound.
3:41 of 2nd period - Nathan MacKinnon wins face-off versus Ryan O'Reilly in DETROIT Red Wings zone.
3:53 of 2nd period - Nathan MacKinnon is hit by Erik Karlsson and loses puck.
3:56 of 2nd period - Shot by Brayden Point.
3:56 of 2nd period - Shot Misses the Net.
5:42 of 2nd period - Shot by Sidney Crosby.
5:42 of 2nd period - Stopped by Braden Holtby without a rebound.
5:43 of 2nd period - Lars Eller wins face-off versus Luke Glendening in BUFFALO Sabres zone.
5:54 of 2nd period - Shot by Lars Eller.
5:54 of 2nd period - Stopped by Braden Holtby without a rebound.
5:55 of 2nd period - Nathan MacKinnon wins face-off versus Derek MacKenzie in BUFFALO Sabres zone.
6:02 of 2nd period - Shot by Jeff Petry.
6:02 of 2nd period - Stopped by Braden Holtby without a rebound.
6:03 of 2nd period - Sidney Crosby wins face-off versus Nathan MacKinnon in BUFFALO Sabres zone.
6:15 of 2nd period - Shot by Nathan MacKinnon.
6:15 of 2nd period - Shot Misses the Net.
6:49 of 2nd period - Shot by Evgeny Kuznetsov.
6:49 of 2nd period - Stopped by Braden Holtby without a rebound.
6:50 of 2nd period - Henrik Zetterberg wins face-off versus Lars Eller in BUFFALO Sabres zone.
6:50 of 2nd period - Jordan Eberle is hit by Bryan Rust and loses puck.
7:21 of 2nd period - Ryan Ellis is hit by Jordie Benn and loses puck.
7:22 of 2nd period - Minor Penalty to Shayne Gostisbehere for Slashing.
7:23 of 2nd period - Ryan O'Reilly wins face-off versus Nathan MacKinnon in DETROIT Red Wings zone.
7:52 of 2nd period - Zdeno Chara is hit by Brayden Point and loses puck.
7:59 of 2nd period - Shot by Brayden Point.
7:59 of 2nd period - Shot Misses the Net.
8:29 of 2nd period - Shot by Evgeny Kuznetsov.
8:29 of 2nd period - Stopped by Braden Holtby without a rebound.
8:30 of 2nd period - Zach Hyman wins face-off versus Henrik Zetterberg in BUFFALO Sabres zone.
9:26 of 2nd period - Shot by Elias Lindholm.
9:26 of 2nd period - Deflect By Tyler Johnson.
9:26 of 2nd period - Shot Blocked by Cam Fowler.
11:17 of 2nd period - Shot by Nathan MacKinnon.
11:17 of 2nd period - Shot Blocked by Erik Karlsson.
11:19 of 2nd period - Shot by Ryan Ellis.
11:19 of 2nd period - Stopped by Carey Price without a rebound.
11:20 of 2nd period - Henrik Zetterberg wins face-off versus Ryan O'Reilly in DETROIT Red Wings zone.
11:41 of 2nd period - Shot by Rick Nash.
11:41 of 2nd period - Deflect By Evander Kane.
11:41 of 2nd period - Stopped by Braden Holtby without a rebound.
11:42 of 2nd period - Lars Eller wins face-off versus Nathan MacKinnon in BUFFALO Sabres zone.
11:43 of 2nd period - Shot by Bryan Rust.
11:43 of 2nd period - Stopped by Braden Holtby without a rebound.
11:44 of 2nd period - Lars Eller wins face-off versus Nathan MacKinnon in BUFFALO Sabres zone.
12:01 of 2nd period - Shot by Artemi Panarin.
12:01 of 2nd period - Shot Blocked by Jeff Petry.
12:03 of 2nd period - Shot by Artemi Panarin.
12:03 of 2nd period - Stopped by Carey Price without a rebound.
12:04 of 2nd period - Henrik Zetterberg wins face-off versus Sidney Crosby in DETROIT Red Wings zone.
12:07 of 2nd period - Shot by Jaden Schwartz.
12:07 of 2nd period - Stopped by Carey Price without a rebound.
12:08 of 2nd period - Ryan O'Reilly wins face-off versus Nathan MacKinnon in DETROIT Red Wings zone.
12:53 of 2nd period - Shot by Artemi Panarin.
12:53 of 2nd period - Shot Blocked by Shayne Gostisbehere.
13:34 of 2nd period - Off-side.
13:35 of 2nd period - Nazem Kadri wins face-off versus Lars Eller in neutral zone.
13:38 of 2nd period - Bryan Rust is hit by Elias Lindholm and loses puck.
14:03 of 2nd period - Zach Hyman is hit by Brett Pesce and loses puck.
14:09 of 2nd period - Zach Hyman is hit by Brett Pesce and loses puck.
14:39 of 2nd period - Minor Penalty to T.J. Oshie for Roughing.
14:40 of 2nd period - Ryan O'Reilly wins face-off versus Nathan MacKinnon in DETROIT Red Wings zone.
14:40 of 2nd period - Ryan O'Reilly is hit by Brayden Point.
14:46 of 2nd period - Zdeno Chara is hit by Brayden Point and loses puck.
15:56 of 2nd period - Derek MacKenzie is hit by Jordan Eberle and loses puck.
16:37 of 2nd period - Shot by Brent Burns.
16:37 of 2nd period - Shot Blocked by Jordie Benn.
16:45 of 2nd period - Shot by Brett Pesce.
16:45 of 2nd period - Stopped by Carey Price without a rebound.
16:46 of 2nd period - Nazem Kadri wins face-off versus Sidney Crosby in DETROIT Red Wings zone.
16:55 of 2nd period - Shot by Nazem Kadri.
16:55 of 2nd period - Shot Misses the Net.
17:01 of 2nd period - Shot by Elias Lindholm.
17:01 of 2nd period - Shot Misses the Net.
17:07 of 2nd period - Shot by Nazem Kadri.
17:07 of 2nd period - Shot Misses the Net.
17:16 of 2nd period - Icing by Shayne Gostisbehere.
17:17 of 2nd period - Luke Glendening wins face-off versus Sidney Crosby in DETROIT Red Wings zone.
18:15 of 2nd period - Shot by Ryan O'Reilly.
18:15 of 2nd period - Stopped by Braden Holtby without a rebound.
18:16 of 2nd period - Lars Eller wins face-off versus Nathan MacKinnon in BUFFALO Sabres zone.
18:24 of 2nd period - Icing by Nathan MacKinnon.
18:25 of 2nd period - Nathan MacKinnon wins face-off versus Ryan O'Reilly in BUFFALO Sabres zone.
18:30 of 2nd period - Ryan O'Reilly is hit by Artemi Panarin.
18:35 of 2nd period - Icing by Zdeno Chara.
18:36 of 2nd period - Ryan O'Reilly wins face-off versus Henrik Zetterberg in DETROIT Red Wings zone.
18:49 of 2nd period - Icing by John Klingberg.
18:50 of 2nd period - Henrik Zetterberg wins face-off versus Lars Eller in BUFFALO Sabres zone.
18:59 of 2nd period - Shot by Jaden Schwartz.
18:59 of 2nd period - Stopped by Carey Price without a rebound.
19:00 of 2nd period - Ryan O'Reilly wins face-off versus Nathan MacKinnon in DETROIT Red Wings zone.
19:07 of 2nd period - Shot by Rick Nash.
19:07 of 2nd period - Shot Misses the Net.
19:22 of 2nd period - Icing by Ryan Ellis.
19:23 of 2nd period - Nathan MacKinnon wins face-off versus Lars Eller in BUFFALO Sabres zone.
19:30 of 2nd period - Ryan Ellis is hit by Jeff Petry and loses puck.
19:37 of 2nd period - Shot by Ryan Ellis.
19:37 of 2nd period - Stopped by Carey Price with a rebound.
Goals for this period are 1 for BUFFALO Sabres vs 0 for DETROIT Red Wings.
Shots for this period are 10 for BUFFALO Sabres vs 12 for DETROIT Red Wings.

3rd period


0:01 of 3rd period - Nathan MacKinnon wins face-off versus Sidney Crosby in neutral zone.
0:05 of 3rd period - Ryan Ellis is hit by Erik Karlsson and loses puck.
0:16 of 3rd period - Shot by Brayden Point.
0:16 of 3rd period - Shot Blocked by Zdeno Chara.
0:18 of 3rd period - Shot by Ryan Ellis.
0:18 of 3rd period - Shot Misses the Net.
0:27 of 3rd period - Icing by Zdeno Chara.
0:28 of 3rd period - Sidney Crosby wins face-off versus Henrik Zetterberg in DETROIT Red Wings zone.
0:32 of 3rd period - T.J. Oshie is hit by Jordan Eberle and loses puck.
0:53 of 3rd period - Shot by Jaden Schwartz.
0:53 of 3rd period - Shot Misses the Net.
1:30 of 3rd period - Icing by Cam Fowler.
1:31 of 3rd period - Nathan MacKinnon wins face-off versus Ryan O'Reilly in DETROIT Red Wings zone.
1:31 of 3rd period - Nathan MacKinnon is hit by Jeff Petry.
1:41 of 3rd period - Shot by Artemi Panarin.
1:41 of 3rd period - Stopped by Carey Price with a rebound.
1:43 of 3rd period - Shot by Nathan MacKinnon.
1:43 of 3rd period - Stopped by Carey Price without a rebound.
1:44 of 3rd period - Lars Eller wins face-off versus Nazem Kadri in DETROIT Red Wings zone.
1:52 of 3rd period - Icing by Mike Green.
1:53 of 3rd period - Nazem Kadri wins face-off versus Ryan O'Reilly in BUFFALO Sabres zone.
2:23 of 3rd period - Elias Lindholm is hit by Jeff Petry and loses puck.
2:28 of 3rd period - Shot by Elias Lindholm.
2:28 of 3rd period - Shot Misses the Net.
2:30 of 3rd period - Shot by Brett Pesce.
2:30 of 3rd period - Stopped by Carey Price without a rebound.
2:31 of 3rd period - Zach Hyman wins face-off versus Brayden Point in DETROIT Red Wings zone.
2:37 of 3rd period - Bryan Rust is hit by Brent Burns.
2:38 of 3rd period - Minor Penalty to Ryan Ellis for Tripping.
2:39 of 3rd period - Luke Glendening wins face-off versus Sidney Crosby in BUFFALO Sabres zone.
2:39 of 3rd period - Luke Glendening is hit by Evgeny Kuznetsov.
2:56 of 3rd period - Icing by Sidney Crosby.
2:57 of 3rd period - Luke Glendening wins face-off versus Sidney Crosby in DETROIT Red Wings zone.
3:01 of 3rd period - Icing by T.J. Oshie.
3:02 of 3rd period - Luke Glendening wins face-off versus Evgeny Kuznetsov in DETROIT Red Wings zone.
3:17 of 3rd period - Shot by T.J. Oshie.
3:17 of 3rd period - Deflect By Evgeny Kuznetsov.
3:17 of 3rd period - Shot Misses the Net.
3:19 of 3rd period - Shot by T.J. Oshie.
3:19 of 3rd period - Shot Blocked by Brett Pesce.
3:21 of 3rd period - Shot by T.J. Oshie.
3:21 of 3rd period - Goal by T.J. Oshie - BUFFALO Sabres : 2 - DETROIT Red Wings : 2.
3:22 of 3rd period - Lars Eller wins face-off versus Artemi Panarin in neutral zone.
3:29 of 3rd period - Shot by Brayden Point.
3:29 of 3rd period - Stopped by Carey Price without a rebound.
3:30 of 3rd period - Lars Eller wins face-off versus Nathan MacKinnon in DETROIT Red Wings zone.
3:35 of 3rd period - Ryan Ellis is hit by Bryan Rust and loses puck.
4:50 of 3rd period - Shot by Jordan Eberle.
4:50 of 3rd period - Shot Misses the Net.
4:52 of 3rd period - Shot by Henrik Zetterberg.
4:52 of 3rd period - Shot Blocked by Zach Hyman.
4:54 of 3rd period - Shot by Jaden Schwartz.
4:54 of 3rd period - Shot Hit the Post.
6:00 of 3rd period - T.J. Oshie is hit by Nazem Kadri and loses puck.
6:11 of 3rd period - Shot by Evgeny Kuznetsov.
6:11 of 3rd period - Stopped by Braden Holtby without a rebound.
6:12 of 3rd period - Ryan O'Reilly wins face-off versus Nathan MacKinnon in BUFFALO Sabres zone.
6:17 of 3rd period - Shot by Ryan O'Reilly.
6:17 of 3rd period - Shot Misses the Net.
6:26 of 3rd period - Brayden Point is hit by Jeff Petry.
6:30 of 3rd period - Shot by Artemi Panarin.
6:30 of 3rd period - Shot Misses the Net.
6:33 of 3rd period - Nathan MacKinnon is hit by Jeff Petry and loses puck.
6:58 of 3rd period - Shot by Evander Kane.
6:58 of 3rd period - Shot Misses the Net.
7:25 of 3rd period - Icing by Jordie Benn.
7:26 of 3rd period - Luke Glendening wins face-off versus Derek MacKenzie in DETROIT Red Wings zone.
7:40 of 3rd period - Icing by Pierre-Edouard Bellemare.
7:41 of 3rd period - Henrik Zetterberg wins face-off versus Derek MacKenzie in DETROIT Red Wings zone.
8:15 of 3rd period - Pierre-Edouard Bellemare is hit by Brett Pesce.
9:10 of 3rd period - Shot by Nathan MacKinnon.
9:10 of 3rd period - Stopped by Carey Price without a rebound.
9:11 of 3rd period - Nazem Kadri wins face-off versus Rick Nash in DETROIT Red Wings zone.
9:41 of 3rd period - Shot by Evander Kane.
9:41 of 3rd period - Stopped by Braden Holtby without a rebound.
9:42 of 3rd period - Lars Eller wins face-off versus Nathan MacKinnon in BUFFALO Sabres zone.
9:58 of 3rd period - Erik Karlsson is hit by Brent Burns and loses puck.
10:04 of 3rd period - Nathan MacKinnon is hit by Zdeno Chara and loses puck.
10:21 of 3rd period - Shot by Zdeno Chara.
10:21 of 3rd period - Shot Blocked by Ryan Ellis.
10:34 of 3rd period - Icing by Zdeno Chara.
10:35 of 3rd period - Henrik Zetterberg wins face-off versus Lars Eller in DETROIT Red Wings zone.
10:35 of 3rd period - Henrik Zetterberg is hit by Zdeno Chara.
11:01 of 3rd period - Shot by Jaden Schwartz.
11:01 of 3rd period - Shot Misses the Net.
11:03 of 3rd period - Shot by Jaden Schwartz.
11:03 of 3rd period - Shot Blocked by Erik Karlsson.
11:34 of 3rd period - Nazem Kadri is hit by Zdeno Chara and loses puck.
11:39 of 3rd period - Shot by Elias Lindholm.
11:39 of 3rd period - Stopped by Carey Price without a rebound.
11:40 of 3rd period - Sidney Crosby wins face-off versus Nathan MacKinnon in DETROIT Red Wings zone.
11:40 of 3rd period - Sidney Crosby is hit by Brayden Point.
12:07 of 3rd period - Artemi Panarin is hit by Jeff Petry.
14:01 of 3rd period - Shot by Micheal Ferland.
14:01 of 3rd period - Shot Misses the Net.
14:03 of 3rd period - Shot by Derek MacKenzie.
14:03 of 3rd period - Goal by Derek MacKenzie - BUFFALO Sabres : 2 - DETROIT Red Wings : 3.
14:04 of 3rd period - Nathan MacKinnon wins face-off versus Derek MacKenzie in neutral zone.
14:09 of 3rd period - Shot by Brayden Point.
14:09 of 3rd period - Stopped by Carey Price without a rebound.
14:10 of 3rd period - Nathan MacKinnon wins face-off versus Sidney Crosby in DETROIT Red Wings zone.
14:19 of 3rd period - Shot by Artemi Panarin.
14:19 of 3rd period - Stopped by Carey Price without a rebound.
14:20 of 3rd period - Nathan MacKinnon wins face-off versus Sidney Crosby in DETROIT Red Wings zone.
15:33 of 3rd period - Shot by Tyson Barrie.
15:33 of 3rd period - Shot Misses the Net.
15:41 of 3rd period - Shot by Jaden Schwartz.
15:41 of 3rd period - Stopped by Carey Price with a rebound.
16:42 of 3rd period - Shot by Rick Nash.
16:42 of 3rd period - Stopped by Braden Holtby without a rebound.
16:43 of 3rd period - Luke Glendening wins face-off versus Derek MacKenzie in BUFFALO Sabres zone.
17:06 of 3rd period - Cam Fowler is hit by Jesper Bratt and loses puck.
17:12 of 3rd period - Jeff Petry is hit by Luke Glendening and loses puck.
17:47 of 3rd period - Icing by Nathan MacKinnon.
17:48 of 3rd period - Nathan MacKinnon wins face-off versus Ryan O'Reilly in BUFFALO Sabres zone.
18:23 of 3rd period - Shot by Nathan MacKinnon.
18:23 of 3rd period - Stopped by Carey Price without a rebound.
18:24 of 3rd period - Evgeny Kuznetsov wins face-off versus Henrik Zetterberg in DETROIT Red Wings zone.
18:44 of 3rd period - Shot by Sidney Crosby.
18:44 of 3rd period - Shot Blocked by Henrik Zetterberg.
18:46 of 3rd period - Shot by Evgeny Kuznetsov.
18:46 of 3rd period - Shot Misses the Net.
18:48 of 3rd period - Shot by T.J. Oshie.
18:48 of 3rd period - Shot Misses the Net.
19:16 of 3rd period - Sidney Crosby is hit by Jaden Schwartz and loses puck.
Goals for this period are 0 for BUFFALO Sabres vs 2 for DETROIT Red Wings.
Shots for this period are 10 for BUFFALO Sabres vs 5 for DETROIT Red Wings.